 Dungeon Crawl Stone Soup version 0.21.1-1-g345015f (webtiles) character file.

20199 nicolaieve the Severer (level 12, 0/162 HPs)
             Began as a Minotaur Berserker on June 26, 2018.
             Was a High Priest of Trog.
             Slain by a catoblepas (9 damage)
             ... on level 4 of the Lair of Beasts.
             The game lasted 00:57:02 (11971 turns).

nicolaieve the Severer (Minotaur Berserker)        Turns: 11971, Time: 00:57:03

Health: 0/162      AC: 15    Str: 30    XL:     12   Next: 43%
Magic:  11/11      EV:  2    Int:  4    God:    Trog [*****.]
Gold:   618        SH:  0    Dex: 12    Spells: 11/11 levels left

rFire    . . .     SeeInvis .   B - +4 hand axe
rCold    . . .     Gourm    .   b - +0 shield
rNeg     + + +     Faith    .   t - +0 pearl dragon scales
rPois    ∞         Spirit   .   (helmet restricted)
rElec    .         Reflect  +   (no cloak)
rCorr    .         Harm     .   (no gloves)
MR       ++...                  (no boots)
Stlth    ..........             k - +3 amulet of reflection
HPRegen  1.37/turn              w - +1 ring of evasion
MPRegen  0.12/turn              (no ring)

@: berserking (expiring), lethally poisoned (0 -> 0), petrified, regenerating
A: retaliatory headbutt, horns 2
a: Berserk, Trog's Hand, Brothers in Arms, Burn Spellbooks, Renounce Religion


You were on level 4 of the Lair of Beasts.
You worshipped Trog.
Trog was extremely pleased with you.
You were not hungry.

You visited 2 branches of the dungeon, and saw 13 of its levels.
You also visited: Sewer.

You collected 768 gold pieces.
You spent 150 gold pieces at shops.

Inventory:

Hand Weapons
 a - a +0 morningstar
 B - a +4 hand axe (weapon)
 F - a +0 spear
Armour
 b - a +0 shield (worn)
 f - a +3 chain mail
 t - +0 pearl dragon scales (worn)
Jewellery
 k - a +3 amulet of reflection (around neck)
 w - a +1 ring of evasion (left hand)
 H - an uncursed ring of protection from magic {unknown}
 I - an uncursed ring of wizardry {unknown}
 P - an uncursed amulet of the gourmand {unknown}
Wands
 p - a wand of iceblast (17)
 r - a wand of paralysis (24)
 y - a wand of random effects (60)
 G - a wand of acid (7)
Scrolls
 d - a scroll of enchant armour {unknown}
 e - 4 scrolls of remove curse
 j - 4 scrolls of enchant weapon
 l - 3 scrolls of teleportation
 m - 2 scrolls of immolation
 s - a scroll of magic mapping
 v - 2 scrolls of identify
 A - 2 scrolls of amnesia {unknown}
 C - a scroll of silence {unknown}
 J - a scroll of summoning {unknown}
 M - a scroll of brand weapon {unknown}
 O - 2 scrolls of blinking
Potions
 g - a potion of resistance
 h - 2 potions of degeneration {unknown}
 i - 3 potions of agility
 n - a potion of mutation {unknown}
 o - 7 potions of brilliance
 q - 8 potions of curing
 u - 2 potions of haste {unknown}
 x - 3 potions of ambrosia
 z - 3 potions of heal wounds {unknown}
 D - a potion of magic {unknown}
 E - 2 potions of cancellation {unknown}
 L - a potion of might {unknown}
Books
 N - a book of Minor Magic

   Spells                             Type                      Level
   a - Magic Dart                     Conjuration                  1
   b - Blink                          Translocation                2
   c - Call Imp                       Summoning                    2
   d - Slow                           Hexes                        2
   e - Conjure Flame                  Conjuration/Fire             3
   f - Mephitic Cloud                 Conjuration/Poison/Air       3
   Trog disapproves of the use of such an item.
Comestibles
 c - 27 rations
 K - a chunk of flesh


   Skills:
 + Level 10.9 Fighting
 * Level 16.8 Axes
 - Level 2.2 Throwing
 + Level 11.6 Armour
 - Level 3.2 Dodging
 * Level 7.2 Shields


You had 11 spell levels left.
You didn't know any spells.

Dungeon Overview and Level Annotations

Branches:
Dungeon (9/15)             Temple (0/1) D:6            Lair (4/6) D:9
 Shoals (0/4) Lair:3        Snake (0/4) Lair:2          Orc (0/2) D:9

Altars:
Ashenzari
Fedhas
Hepliaklqana
Kikubaaqudgha
Nemelex Xobeh
Okawaru
Qazlal
Ru
Sif Muna
Trog
Vehumet
Wu Jian
Zin
The Shining One

Shops:
D:4 [   D:8 ((=:

Annotations:
D:3 exclusion: oklob plant
D:5 Blork the orc


Innate Abilities, Weirdness & Mutations

You reflexively headbutt those who attack you in melee.
You have a pair of horns on your head.


Message History

Trog accepts your kill.
Trog appreciates your killing of a magic user.
Your Shields skill increases to level 7!
You are engulfed in calcifying dust.
You feel sick.
Your limbs are stiffening.
You slice the catoblepas!!
The catoblepas is severely wounded.
You are engulfed in calcifying dust.
Your limbs have turned to stone.
The catoblepas breathes a plume of calcifying dust at you.
The blast of calcifying dust hits you!
You have turned to stone.
You are engulfed in calcifying dust.
The catoblepas gores you!
* * * LOW HITPOINT WARNING * * *
You are engulfed in calcifying dust.
The catoblepas barely misses you.
You are engulfed in calcifying dust.
The catoblepas breathes a plume of calcifying dust at you.
The blast of calcifying dust hits you! The catoblepas gores you!!
* * * LOW HITPOINT WARNING * * *
The catoblepas gores you but does no damage.
The catoblepas gores you!!
You die...

......###......#....##
........#..........).#
.....................##
.........(............#
.....................#
.............((......#
.................(...##
................Y.....#
...............#@....##
...............#)..(.#
......###.......#...##
...... #...........#
..... ##...........#
... ............# .#..
...........# ...
.......!..P# ###


You could see a catoblepas.

Vanquished Creatures
  Nessos (Lair:4)
  3 hydras
  Erica (Lair:2)
  2 two-headed ogres
  2 black mambas
  A torpor snail (Lair:4)
  2 spiny frogs
  7 komodo dragons
  A troll (D:9)
  A snapping turtle (Lair:3)
  Sigmund (D:3)
  A wyvern (Lair:3)
  33 yaks
  Eustachio (D:4)
  A basilisk (Lair:4)
  A naga (Lair:2)
  An acid dragon (D:8)
  5 water moccasins
  Duvessa (D:7)
  5 porcupines
  An ice beast (D:7)
  2 orc warriors
  A phantom (D:8)
  4 ogres
  A sky beast (D:8)
  7 crocodiles
  8 wolves (Lair:3)
  A centaur (D:5)
  3 big kobolds
  12 bullfrogs
  A gnoll sergeant (D:8)
  Dowan (D:7)
  3 scorpions (D:4)
  12 killer bees
  3 wights (D:8)
  7 crimson imps
  A bullfrog zombie (D:5)
  7 hounds
  3 orc wizards
  3 bullfrog skeletons
  2 orc priests (D:5)
  2 iguanas
  6 worker ants
  2 hound skeletons
  5 gnolls (D:8)
  7 adders
  2 river rats (Sewer)
  A shadow imp (D:9)
  An ooze (D:4)
  2 adder zombies (D:1)
  2 adder skeletons
  6 worms
  5 dart slugs
  6 leopard geckos
  15 orcs
  3 giant cockroaches
  14 goblins
  4 hobgoblins
  4 jackals
  5 quokkas
  2 ball pythons (D:1)
  4 bats
  5 frilled lizards
  A jackal skeleton (D:4)
  25 kobolds
  A leopard gecko skeleton (D:8)
  A quokka zombie (D:6)
  9 rats
  3 fungi
297 creatures vanquished.

Vanquished Creatures (others)
  2 fungi
  2 plants
4 creatures vanquished.

Grand Total: 301 creatures vanquished

Notes
Turn   | Place    | Note
-------+----------+-------------------------------------------
     0 | D:1      | nicolaieve the Minotaur Berserker began the quest for the Orb.
     0 | D:1      | Reached XP level 1. HP: 19/19 MP: 0/0
    28 | D:1      | Reached skill level 4 in Axes
    28 | D:1      | Reached XP level 2. HP: 16/27 MP: 1/1
   338 | D:1      | Reached XP level 3. HP: 33/33 MP: 2/2
   581 | D:1      | Reached ** piety under Trog
   853 | D:2      | Reached skill level 1 in Throwing
  1357 | D:2      | Reached skill level 5 in Axes
  1357 | D:2      | Reached XP level 4. HP: 40/40 MP: 3/3
  1539 | D:3      | Found a sacrificial altar of Ru.
  1991 | D:3      | Noticed Sigmund
  1999 | D:3      | Killed Sigmund
  1999 | D:3      | Reached skill level 6 in Axes
  1999 | D:3      | Reached XP level 5. HP: 47/47 MP: 4/4
  1999 | D:3      | Reached XP level 6. HP: 53/53 MP: 5/5
  2041 | D:3      | Reached *** piety under Trog
  2414 | D:3      | Found a blossoming altar of Fedhas.
  2439 | D:3      | Noticed an oklob plant
  2594 | D:4      | Reached skill level 7 in Axes
  2602 | D:4      | Noticed Eustachio
  2614 | D:4      | Killed Eustachio
  2742 | D:4      | Reached skill level 8 in Axes
  2742 | D:4      | Reached XP level 7. HP: 52/60 MP: 6/6
  3010 | D:4      | Found Yliuzxic's Antique Armour Emporium.
  3201 | D:5      | Entered Level 5 of the Dungeon
  3212 | D:5      | Reached skill level 5 in Fighting
  3212 | D:5      | Reached skill level 9 in Axes
  3616 | D:5      | Reached XP level 8. HP: 65/68 MP: 7/7
  3699 | D:5      | Found a hazy altar of Hepliaklqana.
  3773 | D:5      | Noticed Blork the orc
  3784 | D:5      | Found a deep blue altar of Sif Muna.
  3936 | D:5      | Found a glowing silver altar of Zin.
  4068 | D:6      | Reached skill level 10 in Axes
  4170 | D:6      | Reached **** piety under Trog
  4221 | D:6      | Found a glowing golden altar of the Shining One.
  4271 | D:6      | Reached skill level 11 in Axes
  4282 | D:6      | Found a shattered altar of Ashenzari.
  4505 | D:6      | Found a staircase to the Ecumenical Temple.
  4673 | D:6      | Found a glowing drain.
  4694 | Sewer    | Entered a sewer
  4785 | Sewer    | Reached skill level 5 in Armour
  4813 | Sewer    | Found a white marble altar of Elyvilon.
  5173 | D:7      | Reached XP level 9. HP: 69/75 MP: 8/8
  5192 | D:7      | Reached skill level 12 in Axes
  5735 | D:7      | Noticed Dowan
  5737 | D:7      | Noticed Duvessa
  5748 | D:7      | Killed Duvessa
  5763 | D:7      | Killed Dowan
  5834 | D:7      | Found a stormy altar of Qazlal.
  5904 | D:8      | Noticed a two-headed ogre
  5910 | D:8      | Killed a two-headed ogre
  5910 | D:8      | Reached skill level 13 in Axes
  6067 | D:8      | Found a radiant altar of Vehumet.
  6210 | D:8      | Reached ***** piety under Trog
  6220 | D:8      | Reached XP level 10. HP: 84/86 MP: 9/9
  6286 | D:8      | Received a gift from Trog
  6690 | D:8      | Found a bloodstained altar of Trog.
  6781 | D:8      | Reached skill level 14 in Axes
  6825 | D:8      | Found an ornate altar of the Wu Jian Council.
  6826 | D:8      | Found a sparkling altar of Nemelex Xobeh.
  6847 | D:8      | Found Xiw Axergh's Book Shop.
  6850 | D:8      | Found Tubrulo's Jewellery Shop.
  6863 | D:8      | Found Waecajepn's Antique Weapon Shop.
  6866 | D:8      | Found Joafesala's Antique Weapon Shop.
  7017 | D:8      | Found an iron altar of Okawaru.
  7288 | D:9      | Found a staircase to the Lair.
  7292 | D:9      | Noticed a two-headed ogre
  7299 | D:9      | Killed a two-headed ogre
  7381 | D:9      | Found a staircase to the Orcish Mines.
  8006 | Lair:1   | Entered Level 1 of the Lair of Beasts
  8041 | Lair:1   | Reached skill level 15 in Axes
  8388 | Lair:1   | Reached XP level 11. HP: 38/95 MP: 10/10
  8709 | Lair:1   | Found an ancient bone altar of Kikubaaqudgha.
  8796 | Lair:1   | Reached skill level 10 in Armour
  8920 | Lair:1   | Reached skill level 1 in Shields
  9183 | Lair:2   | Found a staircase to the Snake Pit.
  9259 | Lair:2   | Noticed Erica
  9284 | Lair:2   | Killed Erica
  9379 | Lair:2   | Reached skill level 16 in Axes
  9392 | Lair:2   | Noticed a five-headed hydra
  9676 | D:8      | Bought a glowing hand axe for 150 gold pieces
  9773 | D:9      | Killed a five-headed hydra
 10389 | Lair:3   | Reached skill level 10 in Fighting
 10460 | Lair:3   | Reached skill level 5 in Shields
 10711 | Lair:3   | Found a staircase to the Shoals.
 10735 | Lair:3   | Reached XP level 12. HP: 28/106 MP: 11/11
 11100 | Lair:4   | Noticed an eight-headed hydra
 11113 | Lair:4   | Killed an eight-headed hydra
 11264 | Lair:4   | Noticed a seven-headed hydra
 11277 | Lair:4   | Killed a seven-headed hydra
 11277 | Lair:4   | Received a gift from Trog
 11947 | Lair:4   | Noticed a catoblepas
 11948 | Lair:4   | Noticed Nessos
 11964 | Lair:4   | Killed Nessos
 11969 | Lair:4   | HP: 7/162 [catoblepas (10)]
 11971 | Lair:4   | Slain by a catoblepas

Skill      XL: |  1  2  3  4  5  6  7  8  9 10 11 12 |
---------------+-------------------------------------+-----
Axes           | 4 5 6 8 9 11 13 15 16 | 16.8
Throwing       | 1 2 |  2.2
Fighting       | 4 5 7 8 10 | 10.9
Dodging        | 3 |  3.2
Armour         | 3 5 7 9 11 | 11.6
Shields        | 5 7 |  7.2

Action                   |  1- 3 |  4- 6 |  7- 9 | 10-12 || total
-------------------------+-------+-------+-------+-------++-------
Melee: Hand axe          |    88 |   112 |   374 |   529 ||  1103
       Headbutt          |    11 |    22 |    69 |   143 ||   245
       Morningstar       |       |       |       |    27 ||    27
Invok: Berserk           |       |     2 |     4 |    13 ||    19
       Burn Spellbooks   |       |       |     3 |     2 ||     5
       Trog's Hand       |       |       |     1 |     5 ||     6
Evoke: Wand              |       |       |       |     1 ||     1
  Use: Scroll            |       |       |     9 |    10 ||    19
 Stab: Sleeping          |       |     1 |       |       ||     1
       Petrified         |       |       |       |     1 ||     1
  Eat: Chunk             |     1 |     7 |    11 |    20 ||    39
       Ration            |       |       |     1 |     4 ||     5
Armor: Animal skin       |     8 |     3 |       |       ||    11
       Leather armour    |       |     3 |       |       ||     3
       Pearl dragon scal |       |     8 |   115 |   178 ||   301
Dodge: Dodged            |    43 |    32 |   149 |   185 ||   409
Block: Other             |     4 |    12 |    39 |    15 ||    70
       Reflection        |       |     1 |     1 |     3 ||     5
       Shield            |       |       |       |   169 ||   169
